 Dungeon Sprint DCSS version 0.23-a0-136-g722f094 (webtiles) character file.

177 Kidiri the Thaumaturge (level 5, -1/28 HPs)
             Began as a Deep Elf Fire Elementalist on Aug 28, 2018.
             Was an Initiate of Vehumet.
             Killed from afar by a deep elf mage (29 damage)
             ... with a bolt of lightning
             ... in the Dungeon (Sprint III: "The Ten Rune Challenge").
             The game lasted 00:04:04 (613 turns).

Kidiri the Thaumaturge (Deep Elf Fire Elementalist)  Turns: 613, Time: 00:04:05

Health: -1/28      AC:  5    Str:  5    XL:     5   Next: 31%
Magic:  14/19      EV: 13    Int: 23    God:    Vehumet [......]
Gold:   26         SH:  0    Dex: 15    Spells: 6/24 levels left

rFire    . . .     SeeInvis .   n - +0 dagger
rCold    . . .     Gourm    .   (no shield)
rNeg     . . .     Faith    .   a - +0 robe
rPois    .         Spirit   .   (no helmet)
rElec    .         Reflect  .   l - +0 cloak
rCorr    .         Harm     .   (no gloves)
MR       .....     NoTele   +   (no boots)
Stlth    ++........             (no amulet)
HPRegen  0.09/turn              (no ring)
MPRegen  0.16/turn              (no ring)

@: no status effects
A: thin metallic scales 1, clever 1, wild magic 1
a: Renounce Religion


You were in the Dungeon.
You worshipped Vehumet.
Vehumet was noncommittal.
You were not hungry.

You visited 1 branch You collected 26 gold pieces.

Inventory:

Hand Weapons
 n - a +0 dagger (weapon)
Armour
 a - a +0 robe (worn)
 l - a +0 cloak (worn)
Scrolls
 i - a scroll of blinking
 m - 2 scrolls of torment {unknown}
 o - 3 scrolls of remove curse
 q - a scroll of holy word
 r - a scroll of immolation {unknown}
Potions
 b - a potion of might
 d - a potion of curing
 e - a potion of heal wounds
 f - a potion of haste
 g - 2 potions of magic
 h - a potion of berserk rage
 p - 4 potions of flight
 s - 5 potions of mutation
Comestibles
 c - 3 rations
 j - a chunk of flesh


   Skills:
 + Level 0.0 Fighting
 + Level 0.0 Short Blades
 + Level 0.0 Armour
 + Level 2.4 Dodging
 - Level 2.4 Stealth
 * Level 10.4 Spellcasting
 + Level 5.9 Conjurations
 + Level 6.8 Fire Magic


You had 6 spell levels left.
You knew the following spells:

 Your Spells              Type           Power        Failure   Level  Hunger
a - Flame Tongue          Conj/Fire      #####        1%          1    None
b - Throw Flame           Conj/Fire      ######       1%          2    None
c - Conjure Flame         Conj/Fire      ######..     2%          3    None
d - Inner Flame           Hex/Fire       #####...     7%          3    None
e - Sticky Flame          Conj/Fire      ######..     6%          4    #......
f - Fireball              Conj/Fire      ######....   16%         5    ####...

Your spell library contained the following spells:

 Spells                   Type           Power        Failure   Level  Hunger
 Animate Skeleton         Necr           N/A          9%          1    None
 Apportation              Tloc           ###...       9%          1    None
 Confusing Touch          Hex            ###...       9%          1    None
 Summon Small Mammal      Summ           ###.         9%          1    None


Dungeon Overview and Level Annotations

Branches:
Dungeon (1/1)

Altars:
Elyvilon
Kikubaaqudgha
Sif Muna
Vehumet
Zin
The Shining One


Innate Abilities, Weirdness & Mutations

You are partially covered in thin metallic scales. (AC +2)
Your mind is acute. (Int +2)
Your spells are a little harder to cast, but a little more powerful.


Message History

The deep elf mage burns!
The deep elf mage mumbles some strange words.
The deep elf mage blinks!
Unknown command.
The deep elf mage burns!
The deep elf mage drinks a potion.
The deep elf mage is healed!
You close the door.
You start resting.
A deep elf mage opens the door.
It is wielding a long sword of holy wrath.
Casting: Sticky Flame (safe; 6% risk of failure)
Confirm with . or Enter, or press ? or * to list all spells.
Aiming: Flame Tongue (safe; 1% risk of failure)
Press: ? - help, Shift-Dir - straight line, f/p - deep elf mage
Aim: a deep elf mage, wielding a long sword of holy wrath (moderately wounded, The flame tongue misses the deep elf mage.
The deep elf mage burns!
The deep elf mage gestures at you while chanting.
The bolt of lightning misses you. The bolt of lightning hits you!
Ouch! That really hurt!
You die...

▓▓▓▓ ▓▓▓ ...####
##.#####
......#####..#___#
.......#..#..#..@#
#.##...#..#..###'#+###+
#.###..##+#..#..e.......
##.##[.###...'.⌠........
..##..####...#...######+
..##..###....#.⌠.#
.##...##.....#...#
##....#......#+###
##..##.#.....#[).#


You could see a deep elf mage (burning).

Vanquished Creatures
  A water elemental (D)
  Crazy Yiuf (D)
  A wizard (D)
  Jessica (D)
  A human (D)
  A kobold demonologist (D)
  An ooze (D)
  2 rats (D)
9 creatures vanquished.

Vanquished Creatures (others)
  2 draconian scorchers (D)
  6 hellions (D)
  A yaktaur (D)
  A plant (D)
10 creatures vanquished.

Grand Total: 19 creatures vanquished

Notes
Turn   | Place    | Note
-------+----------+-------------------------------------------
     0 | D        | Kidiri the Deep Elf Fire Elementalist began the quest for
                  | the Orb.
     0 | D        | Reached XP level 1. HP: 10/10 MP: 6/6
    13 | D        | Reached skill level 4 in Spellcasting
    93 | D        | Killed a hellion
   111 | D        | Killed a hellion
   123 | D        | Killed a hellion
   124 | D        | Killed a hellion
   125 | D        | Killed a hellion
   130 | D        | Noticed Jessica
   134 | D        | Killed Jessica
   134 | D        | Reached skill level 6 in Spellcasting
   134 | D        | Reached XP level 2. HP: 12/15 MP: 2/11
   134 | D        | Reached XP level 3. HP: 15/19 MP: 2/12
   139 | D        | Learned a level 2 spell: Throw Flame
   143 | D        | Learned a level 3 spell: Conjure Flame
   147 | D        | Learned a level 3 spell: Inner Flame
   150 | D        | Killed a hellion
   208 | D        | Killed a yaktaur
   215 | D        | Reached skill level 7 in Spellcasting
   215 | D        | Reached skill level 5 in Fire Magic
   281 | D        | Noticed Crazy Yiuf
   284 | D        | Killed a white draconian scorcher
   285 | D        | Killed Crazy Yiuf
   285 | D        | Reached skill level 8 in Spellcasting
   285 | D        | Reached XP level 4. HP: 7/24 MP: 10/16
   314 | D        | Gained mutation: Your mind is acute. (Int +2) [potion of
                  | mutation]
   314 | D        | Gained mutation: Your spells are a little harder to cast,
                  | but a little more powerful. [potion of mutation]
   314 | D        | Gained mutation: You are partially covered in thin metallic
                  | scales. (AC +2) [potion of mutation]
   322 | D        | Killed a white draconian scorcher
   489 | D        | Noticed a water elemental
   491 | D        | Killed a water elemental
   491 | D        | Reached skill level 9 in Spellcasting
   491 | D        | Reached skill level 5 in Conjurations
   498 | D        | Learned a level 4 spell: Sticky Flame
   528 | D        | Found a radiant altar of Vehumet.
   529 | D        | Found a deep blue altar of Sif Muna.
   529 | D        | Found an ancient bone altar of Kikubaaqudgha.
   529 | D        | Noticed a wizard
   531 | D        | Killed a wizard
   531 | D        | Reached skill level 10 in Spellcasting
   531 | D        | Reached XP level 5. HP: 28/28 MP: 9/19
   546 | D        | Became a worshipper of Vehumet
   559 | D        | Learned a level 5 spell: Fireball
   604 | D        | Found a glowing silver altar of Zin.
   605 | D        | Found a glowing golden altar of the Shining One.
   605 | D        | Found a white marble altar of Elyvilon.
   605 | D        | Noticed a deep elf mage
   613 | D        | Killed from afar by a deep elf mage

Vault maps used:
D:        dungeon_sprint_mu

Skill      XL: |  1  2  3  4 |
---------------+-------------+-----
Spellcasting   | 6 8 10 | 10.4
Conjurations   | 3 4 5 |  5.9
Fire Magic     | 4 5 6 |  6.8
Dodging        | |  2.4
Stealth        | |  2.4

Action                   |  1- 3 |  4- 6 || total
-------------------------+-------+-------++-------
 Cast: Flame Tongue      |    20 |     6 ||    26
       Throw Flame       |     1 |       ||     1
       Sticky Flame      |       |     3 ||     3
       Conjure Flame     |       |     1 ||     1
  Use: Scroll            |       |     2 ||     2
       Potion            |       |     1 ||     1
Dodge: Dodged            |     1 |     2 ||     3

Table legend:
 A = Non-vault XP
 B = Vault XP
 C = Vault XP percentage of total XP
 D = Non-vault monster count
 E = Vault monster count
 F = Vault count percentage of total count
                 A         B        C        D         E       F
            +---------+---------+-------+---------+---------+-------
      Total |       0 |     254 | 100.0 |       0 |       9 | 100.0
            +---------+---------+-------+---------+---------+-------
          D |       0 |     254 | 100.0 |       0 |       9 | 100.0
            +---------+---------+-------+---------+---------+-------
